 Dungeon Crawl Stone Soup version 0.28-a0-1524-ge72afd5fc6 (webtiles) character file.

Game seed: 2220512439422494349

16 frimble the Grasshopper (level 2, -5/22 HPs)
             Began as a Demonspawn Warper on Jan 18, 2022.
             Slain by a gnoll (6 damage)
             ... on level 1 of the Dungeon.
             The game lasted 00:00:34 (766 turns).

frimble the Grasshopper (Demonspawn Warper)          Turns: 766, Time: 00:00:34

Health: -5/22      AC:  3    Str: 11    XL:     2   Next: 41%
Magic:  5/5        EV: 11    Int: 14    God:
Gold:   25         SH:  0    Dex: 12    Spells: 5/5 levels left

rFire   . . .      SeeInvis .   a - +0 short sword
rCold   . . .      Faith    .   (no shield)
rNeg    . . .      Spirit   .   b - +0 leather armour
rPois   .          Reflect  .   (no helmet)
rElec   .          Harm     .   (no cloak)
rCorr   .          Rampage  .   (no gloves)
Will    .....                   (no boots)
Stlth   +.........              (no amulet)
HPRegen 0.07/turn               (no ring)
MPRegen 0.09/turn               (no ring)

@: no status effects
A: hooves 1
a: no special abilities


You were on level 1 of the Dungeon.
You visited 1 branch of the dungeon, and saw 2 of its levels.

You collected 25 gold pieces.

Inventory:

Hand Weapons
 a - a +0 short sword (weapon)
Missiles
 d - 5 boomerangs of dispersal (quivered)
Armour
 b - a +0 leather armour (worn)
Scrolls
 c - a scroll of blinking
 e - 3 scrolls of fog {unknown}


   Skills:
 - Level 2.1 Fighting
 + Level 1.9 Short Blades
 - Level 1.1 Throwing
 - Level 1.2 Armour
 + Level 2.0 Dodging
 - Level 2.1 Spellcasting
 - Level 2.8 Translocations


You had 5 spell levels left.
You didn't know any spells.
Your spell library contained the following spells:

 Spells                   Type           Power      Damage    Failure   Level
 Blink                    Tloc           18%        N/A       14%         2
 Gell's Gravitas          Tloc           9%         N/A       28%         3
 Lesser Beckoning         Tloc           9%         N/A       28%         3
 Teleport Other           Tloc           9%         N/A       28%         3
 Manifold Assault         Tloc           9%         N/A       95%         5


Dungeon Overview and Level Annotations

Branches:
Dungeon (2/15)

Altars:


Innate Abilities, Weirdness & Mutations

You have large cloven feet.


Message History

No target in view!
No target in view!
No target in view!
No target in view!
No target in view!
No target in view!
No target in view!
Done exploring.
Done exploring.
Done exploring.
Done exploring.
Done exploring.
(D) Dungeon
Where to? (? - help)
There is a stone staircase leading down here.
You climb downwards.
Found an escape hatch in the ceiling.
There is a stone staircase leading up here.
Search for what [? for help]? armo Search for what [Enter for "armo", or ? for help]? brand
(D) Dungeon
Where to? (Enter - D:2, ? - help) Sorry, I don't know how to get there. 2 gnolls come into view.
The gnoll shouts! x2
A ball python comes into view.
There are monsters nearby!
There are monsters nearby!
There are monsters nearby!
There is a stone staircase leading up here.
The gnoll hits you with a +0 spear. The gnoll hits you with a +0 whip.
There is a stone staircase leading up, spattered with blood here.
The gnoll hits you with a +0 spear. The gnoll hits you with a +0 whip!
* * * LOW HITPOINT WARNING * * *
You climb upwards.
There is a stone staircase leading down here.
You don't know any spells.
Sorry, you're not good enough to have a special ability.
The gnoll hits you from afar with a +0 spear.
You die...

#### #............# ...# #####
8............# ##.######...#
#..[.........# .......##...#
##8###8###8#.# #.####.##...#
#########.# #.# #.##...##
#....####.# #.####..#....#
######.........#
#............###.........######
######.#.....##g@####....#
######.........>## ##....#
#.....).......g## ##.....#
#...............###..######
#........#................###
#######....####.########....##
......###### #.# ###...##
..###...### #.# ###..###
...####...## #.# ##...#


You could see 2 gnolls.

Vanquished Creatures
  5 bats (D:1)
  3 endoplasms (D:1)
  A goblin (D:1)
  2 hobgoblins (D:1)
  2 frilled lizards (D:1)
  A kobold (D:1)
  A rat (D:1)
15 creatures vanquished.

Notes
Turn   | Place    | Note
-------+----------+-------------------------------------------
     0 | D:1      | frimble the Demonspawn Warper began the quest for the Orb.
     0 | D:1      | Reached XP level 1. HP: 16/16 MP: 3/3
   305 | D:1      | Reached skill level 1 in Armour
   395 | D:1      | Reached skill level 1 in Throwing
   402 | D:1      | Gained mutation: You have large cloven feet. [demonic
                  | ancestry]
   402 | D:1      | Reached XP level 2. HP: 20/22 MP: 5/5
   479 | D:1      | Found a faded altar of an unknown god.
   764 | D:2      | HP: 1/22 [gnoll (7)]
   766 | D:1      | Slain by a gnoll

Illustrated notes

Levels and vault maps discovered:
D:1:      dpeg_arrival_central, layout_rooms, serial_corexii_hall,
          corexii_hall_statues_deadend, corexii_hall_statues_i,
          chequers_ecumenical_altar_island
D:2:      layout_rooms, chequers_serial_rivers_room_b

Skill      XL: |  1  2 |
---------------+-------+-----
Armour         | 1 |  1.2
Throwing       | 1 |  1.1
Dodging        | 2 |  2.0
Fighting       | |  2.1
Short Blades   | |  1.9
Spellcasting   | |  2.1
Translocations | |  2.8

Action                   || total
-------------------------++-------
Melee: Short sword       ||    40
       Punch             ||     1
       Kick              ||     3
Armor: Leather armour    ||     9
Dodge: Dodged            ||    23

Table legend: (Time is in decaauts)
 A = Elapsed time spent in this place.
 B = Non-inter-level travel time spent in this place.
 C = Inter-level travel time spent in this place.
 D = Time resting spent in this place.
 E = Time spent auto-exploring this place.
 F = Levels seen in this place.
 G = Mean time per level.
                   A        B        C        D        E       F      G
               +--------+--------+--------+--------+--------+-----+--------+
         Total |    772 |    750 |     22 |      0 |    643 |   2 |  386.0 |
       Dungeon |    772 |    750 |     22 |      0 |    643 |   2 |  386.0 |
               +--------+--------+--------+--------+--------+-----+--------+

Top non-repeatable levels by time:
     D:1: 758 daAuts
     D:2: 14 daAuts
